[Event "*** Titled Tuesday Blitz"]
[Site "Chess.com"]
[Date "2018.06.05"]
[Round "3"]
[White "jacky72"]
[Black "orrbaverlekszarnyon"]
[Result "1-0"]
[WhiteElo "2636"]
[BlackElo "2349"]
[TimeControl "180+2"]
[EndTime "13:38:14 PDT"]
[Termination "jacky72 won by resignation"]

1. e4 c5 2. Nc3 g6 3. g3 Bg7 4.
Bg2 Nc6 5. d3 d6 6. f4 Nf6 7. Nh3 O-O 8. O-O Ne8 9. Be3 Nc7 10.
Qd2 Ne6 11. Rae1 Ned4 12. Nd1 b5 13. c3 Ne6 14. f5 Nc7 15. Ng5 Rb8 16. g4 b4 17. Qf2 Ne5 18. Qh4 h6 19. Nh3 Nxd3 20. Bxh6 Nxe1 21. Rxe1 e6 22. Ng5 Qf6 23. Rf1 Bxh6 24.
Qxh6 Qg7 25. Qh4 exf5 26. exf5 gxf5 27. gxf5 f6 28. Ne4 Bb7 29. Rf4 Kf7 30. Nxd6+ Ke7 31. Nxb7 Rxb7 32. Rg4 Qf7 33. Bxb7 Rg8 34. cxb4 Qxa2 35.
Qh7+ Kf8 36. Rxg8+ Qxg8+ 37. Qxg8+ Kxg8 38. bxc5 1-0

[Event "*** Titled Tuesday Blitz"]
[Site "Chess.com"]
[Date "2018.06.05"]
[Round "3"]
[White "JosefineHeinemann"]
[Black "ChainsOfFantasia"]
[Result "0-1"]
[WhiteElo "2301"]
[BlackElo "2422"]
[TimeControl "180+2"]
[EndTime "13:38:17 PDT"]
[Termination "ChainsOfFantasia won by resignation"]

1. e4 c6 2. d4 d5 3. e5 Bf5 4. Nf3 e6 5. Be2 Nd7 6. O-O c5 7. c3 Ne7 8. Be3 Nc6 9. Qd2 h6 10. Rc1 c4 11. b3 b5 12. a4 a6 13. axb5 axb5 14. Rxa8 Qxa8 15. Qb2 Be7 16. Nbd2 O-O 17. Ra1 Qb7 18. b4 Ra8 19. Ra3 Ra7 20. Qa2 Qa8 21.
Rxa7 Qxa7 22. Qxa7 Nxa7 23. h3 Nc6 24. g4 Bg6 25.
Nf1 Nxb4 26. cxb4 Bxb4 27. Ng3 Ba3 28. Bd1 b4 29. Nh4 Bh7 30. f4 Bd3 31. Nf1 b3 32. Nd2 b2 33. f5 Bb4 34. fxe6 fxe6 35. Nhf3 Bxd2 36. Nxd2 c3 0-1

[Event "*** Titled Tuesday Blitz"]
[Site "Chess.com"]
[Date "2018.06.05"]
[Round "3"]
[White "gemarin"]
[Black "Anurag328"]
[Result "0-1"]
[WhiteElo "1814"]
[BlackElo "2661"]
[TimeControl "180+2"]
[EndTime "13:38:26 PDT"]
[Termination "Anurag328 won by resignation"]

1. d4 g6 2. c4 Bg7 3. Nc3 d6 4. e4 Nf6 5. Be2 O-O 6. Bg5 c5 7. d5 h6 8. Bf4 Na6 9. Qd2 Kh7 10. h3 Nc7 11. Nf3 Re8 12. O-O e5 13. Be3 Rf8 14. Nh2 Rb8 15. a4 Nd7 16. g4 f5 17.
exf5 gxf5 18. gxf5 Nf6 19. Bd3 Qe8 20. Qc2 Na6 21.
Na2 e4 22. Be2 Bxf5 23. Ng4 Qg6 24. Kh1 Nxg4 25. Bxg4 Bxg4 26. hxg4 Qxg4 27. Nc3 Bxc3 28. Qxc3 Rf5 0-1

[Event "*** Titled Tuesday Blitz"]
[Site "Chess.com"]
[Date "2018.06.05"]
[Round "3"]
[White "timator"]
[Black "Supernotar"]
[Result "0-1"]
[WhiteElo "2340"]
[BlackElo "2428"]
[TimeControl "180+2"]
[EndTime "13:38:30 PDT"]
[Termination "Supernotar won on time"]

1. Nf3 c5 2. c4 Nc6 3. Nc3 g6 4. e3 Nf6 5. d4 cxd4 6. exd4 d5 7. cxd5 Nxd5 8. Bc4 Nxc3 9. Qb3 e6 10. bxc3 Bd7 11. Bg5 Qc7 12. Bd3 Bg7 13. O-O O-O 14. Rab1 b6 15.
Rfc1 Na5 16. Qb4 Rfc8 17. Bh4 Bf8 18. Qb2 Nc4 19. Qe2 b5 20. Bg3 Bd6 21. Bxd6 Qxd6 22. Ne5 Nxe5 23. dxe5 Qa3 24. Rb3 Qxc1+ 0-1

[Event "*** Titled Tuesday Blitz"]
[Site "Chess.com"]
[Date "2018.06.05"]
[Round "3"]
[White "Parhamov"]
[Black "BartoszSocko"]
[Result "1-0"]
[WhiteElo "2835"]
[BlackElo "2614"]
[TimeControl "180+2"]
[EndTime "13:38:33 PDT"]
[Termination "Parhamov won by resignation"]

1. g3 e6 2. Bg2 Nf6 3. Nf3 d5 4. O-O Be7 5. b3 O-O 6. Bb2 b6 7. e3 Bb7 8. Qe2 c5 9. Rd1 Nc6 10.
c4 dxc4 11. bxc4 Qc7 12. Nc3 Rad8 13. Rac1 Ba6 14. Nb5 Bxb5 15. cxb5 Nb4 16. a3 Nd3 17. Rc2 Nxb2 18. Rxb2 Ne4 19. Rc2 Bf6 20. Nd4 Bxd4 21. exd4 Nf6 22. dxc5 bxc5 23. Qe3 c4 24. Bc6 Nd5 25.
Qc5 Nb6 26. Qb4 Rd4 27. a4 Rfd8 28. a5 Nd5 29. Qc5 Qxa5 30. Qxd4 Nb4 31. Qc3 Qa4 32.
Rcc1 Na2 33. Qxc4 1-0

[Event "*** Titled Tuesday Blitz"]
[Site "Chess.com"]
[Date "2018.06.05"]
[Round "3"]
[White "IMAghasiyevKamal"]
[Black "maximlavrov"]
[Result "0-1"]
[WhiteElo "2477"]
[BlackElo "2460"]
[TimeControl "180+2"]
[EndTime "13:38:42 PDT"]
[Termination "maximlavrov won by resignation"]

1. d4 g6 2. c4 Bg7 3. Nc3 d6 4. e4 e5 5. dxe5 dxe5 6. Qxd8+ Kxd8 7. Nf3 f6 8. c5 Be6 9. Be3 Nd7 10. O-O-O Bh6 11.
Bxh6 Nxh6 12. h3 Ke7 13. b4 a5 14. a3 axb4 15. axb4 c6 16. Kb2 b6 17. cxb6 Rhb8 18.
Ra1 Rxa1 19. Kxa1 Nf7 20. b5 c5 21. Be2 Nxb6 22. Rc1 Nd6 23. Nd5+ Bxd5 24. exd5 c4 25.
Nd2 Rc8 26. Kb2 c3+ 0-1

[Event "*** Titled Tuesday Blitz"]
[Site "Chess.com"]
[Date "2018.06.05"]
[Round "3"]
[White "MateusViageiro"]
[Black "vincentmasuka"]
[Result "0-1"]
[WhiteElo "2167"]
[BlackElo "2250"]
[TimeControl "180+2"]
[EndTime "13:39:01 PDT"]
[Termination "vincentmasuka won by resignation"]

1. e4 c6 2. d4 d5 3. Nc3 dxe4 4.
Nxe4 Nf6 5. Ng3 h5 6. h4 Bg4 7. Be2 e6 8. c3 Qc7 9. Bg5 Nbd7 10. Qd2 Bd6 11. Qe3 O-O-O 12. Ne4 Nd5 13. Nxd6+ Qxd6 14. Qd2 f6 15. Be3 Nxe3 16. Qxe3 e5 17. O-O-O Rhe8 18. Bxg4 hxg4 19. dxe5 Qxe5 20. Qxa7 Nc5 21. Qa8+ Kc7 22.
Qa5+ b6 23. Qa7+ Nb7 24. Ne2 Qxe2 25. Rxd8 Rxd8 0-1

[Event "*** Titled Tuesday Blitz"]
[Site "Chess.com"]
[Date "2018.06.05"]
[Round "3"]
[White "NormWeinstein"]
[Black "cassoulet"]
[Result "1-0"]
[WhiteElo "2379"]
[BlackElo "2468"]
[TimeControl "180+2"]
[EndTime "13:39:07 PDT"]
[Termination "NormWeinstein won by resignation"]

1. e4 c5 2. Nf3 Nc6 3. Nc3 d6 4. d4 cxd4 5. Nxd4 Nf6 6. f4 e5 7.
Nf3 Be7 8. Bd3 O-O 9. O-O Bg4 10. h3 Bxf3 11. Qxf3 Nd4 12. Qf2 Rc8 13. Kh1 a6 14. Be3 Ne6 15. f5 Nc5 16. Rad1 Qa5 17. a3 Nxd3 18.
Rxd3 Rfd8 19. Rfd1 Rxc3 20. bxc3 Nxe4 21. Qf3 Nxc3 22.
Bd2 e4 23. Bxc3 Qa4 24. Qg4 f6 25. Rg3 Bf8 26. Bxf6 Rd7 27. Qe2 Rf7 28. Bd4 Rxf5 29. Qxe4 Qd7 30. Rf3 Rg5 31. Rdf1 Be7 32. Rf7 Qb5 33.
Qxe7 Qxf1+ 34. Rxf1 1-0

[Event "*** Titled Tuesday Blitz"]
[Site "Chess.com"]
[Date "2018.06.05"]
[Round "3"]
[White "Muracle"]
[Black "Usurpov"]
[Result "1-0"]
[WhiteElo "2448"]
[BlackElo "2422"]
[TimeControl "180+2"]
[EndTime "13:39:08 PDT"]
[Termination "Muracle won by resignation"]

1. Nf3 Nf6 2. g3 g6 3. Bg2 Bg7 4. O-O O-O 5. d4 d5 6. b3 Ne4 7. Bb2 c6 8. Ne5 Nd7 9. Nxd7 Bxd7 10. c4 e6 11. Nd2 Nxd2 12. Qxd2 a5 13. Rac1 a4 14.
Rfd1 axb3 15. axb3 Qb6 16. Qd3 Ra2 17. Ba1 Rfa8 18.
e4 dxe4 19. Bxe4 R8a3 20. Rb1 e5 21. c5 Qa7 22. dxe5 Rxa1 23. Qxd7 Rxb1 24. Bxb1 Qxc5 25. e6 Qf8 26. e7 1-0

[Event "*** Titled Tuesday Blitz"]
[Site "Chess.com"]
[Date "2018.06.05"]
[Round "3"]
[White "GMNeiksans"]
[Black "BrizuelaRonald"]
[Result "0-1"]
[WhiteElo "2726"]
[BlackElo "2720"]
[TimeControl "180+2"]
[EndTime "13:39:10 PDT"]
[Termination "BrizuelaRonald won by resignation"]

1. e4 e6 2. d4 d5 3. Bd3 Nf6 4. e5 Nfd7 5. c3 c5 6. Nf3 Nc6 7. O-O Be7 8. a3 O-O 9. b4 b6 10.
Re1 Bb7 11. Nbd2 a6 12. Nf1 cxd4 13. cxd4 b5 14. Ng3 Kh8 15. Bb1 a5 16. Qd3 g6 17.
bxa5 Qxa5 18. Bh6 Rfc8 19. Qe3 b4 20. Ng5 Kg8 21. Qf4 Bxg5 22. Bxg5 bxa3 23. Bd3 a2 24. Bf6 Qb4 25. Nh5 Qxe1+ 26. Rxe1 a1=Q 27. Qh6 Qxe1+ 28. Bf1 Qxf1+ 29. Kxf1 Ra1+ 30. Ke2 Nxd4+ 31. Kd3 Ra3+ 0-1

[Event "*** Titled Tuesday Blitz"]
[Site "Chess.com"]
[Date "2018.06.05"]
[Round "3"]
[White "Duhless"]
[Black "FearNoEvil12"]
[Result "1-0"]
[WhiteElo "2808"]
[BlackElo "1957"]
[TimeControl "180+2"]
[EndTime "13:39:10 PDT"]
[Termination "Duhless won by checkmate"]

1. Nf3 b5 2. e4 a6 3. d4 Bb7 4.
Bd3 e6 5. O-O Nf6 6. Re1 d6 7.
c3 Nbd7 8. a4 bxa4 9. Rxa4 h6 10. Nbd2 g5 11. Nf1 g4 12. N3d2 h5 13. Ne3 h4 14.
Nxg4 Rg8 15. Nxf6+ Qxf6 16. h3 Bh6 17. Bf1 Ke7 18.
Rb4 Nb6 19. Nc4 a5 20. Rb3 Bxc1 21. Nxb6 cxb6 22. Qxc1 Ba6 23. c4 Qxd4 24. Rd3 Qg7 25. Qf4 Rad8 26. Qxh4+ Ke8 27. Rg3 Qf8 28. Rxg8 Qxg8 29.
f3 Kd7 30. Qf2 Rb8 31. Rd1 Qc8 32. e5 d5 33. cxd5 Bxf1 34. dxe6+ Kxe6 35. Rd6+ Kxe5 36. Qd4+ Kf5 37. Qf6# 1-0

[Event "*** Titled Tuesday Blitz"]
[Site "Chess.com"]
[Date "2018.06.05"]
[Round "3"]
[White "PowerThinking2650"]
[Black "Colombiano07"]
[Result "1-0"]
[WhiteElo "2343"]
[BlackElo "2221"]
[TimeControl "180+2"]
[EndTime "13:39:15 PDT"]
[Termination "PowerThinking2650 won by resignation"]

1. e4 c5 2. Nf3 Nc6 3. Nc3 g6 4. g3 Bg7 5. Bg2 e5 6. Nd5 Nge7 7. c4 O-O 8. d3 d6 9. h4 h5 10. Be3 Bg4 11. Qd2 Nxd5 12. cxd5 Bxf3 13. Bxf3 Nd4 14. Bxd4 exd4 15. g4 hxg4 16. Bxg4 b5 17. h5 g5 18. h6 Be5 19. Rh5 Bf4 20. Qe2 Kh8 21.
Kf1 Qf6 22. Kg2 Rac8 23. a4 a6 24. axb5 axb5 25. Bxc8 Rxc8 26. Qg4 Re8 27. Qf5 Qe7 28. Ra7 Qf8 29. Rxf7 1-0

[Event "*** Titled Tuesday Blitz"]
[Site "Chess.com"]
[Date "2018.06.05"]
[Round "3"]
[White "Maitreia"]
[Black "Aygehovit1992"]
[Result "1-0"]
[WhiteElo "2568"]
[BlackElo "2506"]
[TimeControl "180+2"]
[EndTime "13:39:17 PDT"]
[Termination "Maitreia won by resignation"]

1. c4 e5 2. g3 f5 3. Bg2 Nf6 4. a3 g6 5. b4 Bg7 6. Bb2 O-O 7. Bxe5 Re8 8. Bb2 Nc6 9. Nf3 Qe7 10.
e3 d5 11. cxd5 Nxd5 12. Nc3 Be6 13. Nxd5 Bxd5 14. Bxg7 Qxg7 15. O-O Rad8 16. d4 a6 17. Rc1 Qd7 18. Rc5 Be4 19. Qb3+ Kg7 20. Rfc1 Qd6 21. h4 Re7 22. Ng5 Bxg2 23. Kxg2 h6 24. Nf3 Rdd7 25. b5 axb5 26. Qxb5 Nd8 27. Ne5 c6 28. Qb1 Rc7 29. h5 Ne6 30. Nxg6 Nxc5 31. Nxe7 Rxe7 32.
Rxc5 Rf7 33. Rxf5 b5 34. Rxf7+ Kxf7 35. Qh7+ Kf8 36. Qf5+ 1-0

[Event "*** Titled Tuesday Blitz"]
[Site "Chess.com"]
[Date "2018.06.05"]
[Round "3"]
[White "Hrant_ChessMood"]
[Black "Bryakin_Mikhail"]
[Result "1-0"]
[WhiteElo "2940"]
[BlackElo "2651"]
[TimeControl "180+2"]
[EndTime "13:39:19 PDT"]
[Termination "Hrant_ChessMood won by resignation"]

1. d4 d5 2. c4 c6 3. Nf3 Nf6 4. Nc3 a6 5. g3 b5 6. b3 Bf5 7. Bg2 e6 8. O-O Bb4 9. Bb2 O-O 10. Ne5 Nfd7 11. Nd3 Bxc3 12. Bxc3 a5 13. Rc1 Na6 14. Nf4 Rc8 15. Qd2 b4 16. Bb2 Qb6 17. Rfd1 h6 18. h3 Nf6 19. Kh2 Bh7 20. f3 Rfd8 21. Qe3 e5 22.
Nd3 e4 23. Ne5 exf3 24. exf3 Nd7 25. Nxd7 Rxd7 26. cxd5 Rxd5 27. f4 Rdd8 28. Qf3 Nb8 29. d5 cxd5 30. Rxc8 Rxc8 31. Qg4 1-0

[Event "*** Titled Tuesday Blitz"]
[Site "Chess.com"]
[Date "2018.06.05"]
[Round "3"]
[White "PrinceMurad09"]
[Black "Dr-Bassem"]
[Result "0-1"]
[WhiteElo "2407"]
[BlackElo "2684"]
[TimeControl "180+2"]
[EndTime "13:39:22 PDT"]
[Termination "Dr-Bassem won by resignation"]

1. e4 e5 2. Nf3 Nc6 3. Bc4 Nf6 4. d3 h6 5. O-O d6 6. h3 g5 7. Re1 g4 8. hxg4 Bxg4 9. Kf1 Rg8 10. Be3 Qd7 11.
Nbd2 O-O-O 12. Ke2 d5 13. exd5 Nxd5 14. Bxd5 Qxd5 15. Ne4 Be7 16. Nc3 Qa5 17. a3 Nd4+ 18. Kd2 e4 19. Bxd4 Rxd4 20. b4 Bg5+ 21. Re3 Qf5 22. Nxe4 Rxe4 23. Nxg5 Qxf2+ 24. Re2 Rxe2+ 0-1

[Event "*** Titled Tuesday Blitz"]
[Site "Chess.com"]
[Date "2018.06.05"]
[Round "3"]
[White "Justmig"]
[Black "VSERGUEI"]
[Result "1-0"]
[WhiteElo "2621"]
[BlackElo "2485"]
[TimeControl "180+2"]
[EndTime "13:39:27 PDT"]
[Termination "Justmig won by checkmate"]

1. e4 e6 2. d4 d5 3. Nd2 Nf6 4. e5 Nfd7 5. c3 c5 6. f4 Nc6 7. Ndf3 Qb6 8. Ne2 Be7 9. g3 O-O 10. Bh3 cxd4 11. cxd4 f6 12. Bxe6+ Kh8 13. Qb3 Ndxe5 14.
Qxb6 Nxf3+ 15. Kf2 axb6 16. Bxc8 Nfxd4 17. Bxb7 Ra7 18. Nxd4 Nxd4 19. Bxd5 Nc2 20. Rb1 Bc5+ 21. Kg2 Nb4 22. Bb3 Nxa2 23. Bd2 Nb4 24. Bc3 h6 25.
Rbd1 Re7 26. Rhe1 Rxe1 27. Rxe1 Rd8 28. Re6 Nd3 29. Rxf6 Nc1 30. Rxh6# 1-0

[Event "*** Titled Tuesday Blitz"]
[Site "Chess.com"]
[Date "2018.06.05"]
[Round "3"]
[White "nOcHeaTiNgKiD"]
[Black "Quiet_Desperation"]
[Result "1-0"]
[WhiteElo "2348"]
[BlackElo "2373"]
[TimeControl "180+2"]
[EndTime "13:39:30 PDT"]
[Termination "nOcHeaTiNgKiD won by resignation"]

1. Nf3 Nf6 2. d4 e6 3. c4 Bb4+ 4. Nbd2 b6 5. a3 Bxd2+ 6. Qxd2 Bb7 7. e3 O-O 8. Be2 Ne4 9. Qc2 f5 10. O-O d6 11. Nd2 Ng5 12. b4 Nd7 13. c5 dxc5 14.
bxc5 bxc5 15. dxc5 Bc6 16. Bb2 Ne4 17. Nxe4 Bxe4 18.
Qc3 Qg5 19. f3 Bc6 20. Rad1 Nf6 21. Qe5 Rae8 22. Rde1 Nd5 23. Bc4 Rf6 24. Qg3 Qxg3 25. hxg3 Rg6 26. Kf2 Rb8 27. Be5 Bb5 28. Rb1 c6 1-0

[Event "*** Titled Tuesday Blitz"]
[Site "Chess.com"]
[Date "2018.06.05"]
[Round "3"]
[White "djamir"]
[Black "gmjlh"]
[Result "0-1"]
[WhiteElo "2586"]
[BlackElo "2624"]
[TimeControl "180+2"]
[EndTime "13:39:32 PDT"]
[Termination "gmjlh won by resignation"]

1. d4 d5 2. Bf4 e6 3. e3 Nf6 4.
Bd3 Bd6 5. Bg3 O-O 6. Nf3 c5 7. c3 Qc7 8. Nbd2 Nbd7 9. Qe2 e5 10. dxe5 Nxe5 11. Nxe5 Bxe5 12. Nf3 Bxg3 13. hxg3 h6 14.
O-O-O b5 15. Bxb5 Rb8 16. Bd3 Qa5 17. Bb1 Be6 18. Rh4 Rb6 19. Ne5 Rfb8 20. Rd2 Qxc3+ 21. bxc3 Rxb1+ 22. Kc2 Bf5+ 23. e4 Nxe4 24. Rf4 Nxf2+ 0-1

[Event "*** Titled Tuesday Blitz"]
[Site "Chess.com"]
[Date "2018.06.05"]
[Round "3"]
[White "gammagramma"]
[Black "GABUZYAN_CHESSMOOD"]
[Result "1/2-1/2"]
[WhiteElo "2512"]
[BlackElo "2593"]
[TimeControl "180+2"]
[EndTime "13:39:34 PDT"]
[Termination "Game drawn by agreement"]

1. d4 Nf6 2. Nf3 g6 3. c4 Bg7 4.
Nc3 d5 5. cxd5 Nxd5 6. Bg5 h6 7.
Bh4 O-O 8. e3 c5 9. Nxd5 g5 10.
Bxg5 hxg5 11. Nc3 g4 12. Ne5 cxd4 13. exd4 Nc6 14. Nxc6 bxc6 15. Bd3 Qxd4 16. O-O Rb8 17.
Qe2 Be6 18. Rad1 Qe5 19. Qc2 Rfd8 20. Rfe1 Qc5 21. Qe2 Kf8 22. Ne4 Qa5 23. b3 Rd4 24.
Bc2 Rbd8 25. Rxd4 Rxd4 26. Rd1 Bd5 27. Qxg4 Rxd1+ 28. Qxd1 Qxa2 29. Nc5 Qa1 30. Qxa1 Bxa1 31. Be4 e6 32. Kf1 Bd4 33. Bxd5 cxd5 34. Nd3 e5 35.
Nb4 Ke7 36. Nxd5+ Kd6 37. Nb4 Bc3 38. Nc2 Kd5 39. f3 e4 40. fxe4+ Kxe4 41. Ke2 Be5 42. g3 f5 43. b4 f4 44. gxf4 Kxf4 45. Kd3 Kg4 46.
Nd4 Bxh2 47. Nc6 Bg1 48. Kc4 Kf5 49. Kb5 Ke6 50. Ka6 Kd6 51. Nxa7 Bf2 52. b5 Kc7 53. Nc6 Bg1 54. Nb4 Kb8 55. Nd3 Kc7 56. Ka5 Kb7 57. Kb4 Kb6 58. Kc4 Be3 59. Nb4 Bg1 60. Nd5+ Kb7 61. Kd3 Bf2 62. Ke2 Bg1 1/2-1/2

[Event "*** Titled Tuesday Blitz"]
[Site "Chess.com"]
[Date "2018.06.05"]
[Round "3"]
[White "tigra"]
[Black "Ali_rastbod"]
[Result "1-0"]
[WhiteElo "2721"]
[BlackElo "2520"]
[TimeControl "180+2"]
[EndTime "13:39:36 PDT"]
[Termination "tigra won by resignation"]

1. e4 e6 2. d3 d5 3. Nd2 Nf6 4. Ngf3 Nc6 5. c3 a5 6. e5 Nd7 7.
d4 f6 8. Bb5 Na7 9. Bd3 fxe5 10. dxe5 Be7 11. h4 Nc6 12. Qe2 Nc5 13. Bc2 d4 14.
cxd4 Nxd4 15. Nxd4 Qxd4 16. Qh5+ Kf8 17. O-O Qxh4 18.
Qf3+ Kg8 19. Ne4 Bd7 20. Nxc5 Bxc5 21. Qxb7 Rf8 22. Be3 Be7 23. Qxc7 Bb5 24. Bb3 h6 25. g3 Qe4 26. Qxe7 Bc6 27. Qxe6+ Kh7 28. Bc2 Qxc2 29. Rac1 1-0

[Event "*** Titled Tuesday Blitz"]
[Site "Chess.com"]
[Date "2018.06.05"]
[Round "3"]
[White "Vusatiuk_Vladimir"]
[Black "11kevin"]
[Result "0-1"]
[WhiteElo "2181"]
[BlackElo "2241"]
[TimeControl "180+2"]
[EndTime "13:39:40 PDT"]
[Termination "11kevin won by resignation"]

1. e4 c6 2. d4 d5 3. e5 Bf5 4.
Nf3 e6 5. Be2 c5 6. Be3 cxd4 7.
Nxd4 Ne7 8. O-O Nbc6 9. f4 Nxd4 10. Bxd4 Nc6 11. c3 Nxd4 12. cxd4 Qb6 13. Nc3 Be7 14.
Qa4+ Kf8 15. b3 a6 16. Rac1 Bb4 17. Nb5 Be7 18. Rfd1 g6 19. Nc7 Rc8 20. Qd7 Rd8 21. Qa4 Qb4 22. Qxb4 Bxb4 23. Kf2 h5 24. h3 h4 25. Ke3 Ke7 26. a4 Rc8 27. Bxa6 Ba3 28. Bxb7 Bxc1+ 29. Rxc1 Kd7 30. Bxc8+ Rxc8 31. Rc5 Rxc7 32.
Rb5 Rc3+ 33. Kd2 Rc2+ 34. Kd1 Rxg2 35. a5 Ra2 36. b4 Bxh3 37. Rb7+ Kc6 38. Rb6+ Kc7 39.
Rd6 Bg4+ 40. Kc1 h3 41. Kb1 Ra4 42. a6 0-1

[Event "*** Titled Tuesday Blitz"]
[Site "Chess.com"]
[Date "2018.06.05"]
[Round "3"]
[White "francogreek"]
[Black "maziarbagheri"]
[Result "1-0"]
[WhiteElo "2284"]
[BlackElo "2253"]
[TimeControl "180+2"]
[EndTime "13:39:41 PDT"]
[Termination "francogreek won by resignation"]

1. Nf3 Nf6 2. g3 d5 3. Bg2 c6 4. O-O Bg4 5. h3 Bxf3 6. Bxf3 e5 7. d3 Nbd7 8. Nd2 Bc5 9. e4 Qe7 10. Qe2 O-O 11. Bg2 dxe4 12. dxe4 a5 13. a4 Rfe8 14.
Nc4 Nb6 15. Ne3 g6 16. Nc4 Qe6 17. Nxb6 Bxb6 18. Bg5 Nd7 19. Rfd1 Nf8 20. h4 f6 21. Bh6 Rad8 22. Rxd8 Rxd8 23. Rd1 Qe7 24. Qc4+ Ne6 25. Rxd8+ Bxd8 26. Bf1 Kf7 27. Qb3 Qd7 28. Bc4 Ke7 29. Bxe6 Qxe6 30. Qxb7+ Qd7 31. Qxd7+ Kxd7 32. Be3 h5 33. Kf1 Kc7 34. f3 Be7 35. Ke2 Bb4 36. Bd2 Bxd2 37. Kxd2 Kb6 38. Kd3 Kc5 39. Kc3 Kb6 40.
Kc4 Kb7 41. Kc5 Kc7 42. c3 1-0

[Event "*** Titled Tuesday Blitz"]
[Site "Chess.com"]
[Date "2018.06.05"]
[Round "3"]
[White "amiralfio"]
[Black "BlackBoarder"]
[Result "1-0"]
[WhiteElo "2276"]
[BlackElo "2266"]
[TimeControl "180+2"]
[EndTime "13:39:41 PDT"]
[Termination "amiralfio won by checkmate"]

1. d4 Nf6 2. Nf3 e6 3. c4 d5 4.
Nc3 Bb4 5. cxd5 exd5 6. Bg5 h6 7. Bh4 g5 8. Bg3 Ne4 9. Nd2 Nxc3 10. bxc3 Bxc3 11.
Rc1 Bxd2+ 12. Qxd2 c6 13. h4 Rg8 14. hxg5 hxg5 15. e4 dxe4 16. Bc4 Be6 17. Bxe6 fxe6 18. Rh7 Nd7 19. Qb4 Nb6 20. Bc7 Qd5 21. Qe7# 1-0

[Event "*** Titled Tuesday Blitz"]
[Site "Chess.com"]
[Date "2018.06.05"]
[Round "3"]
[White "saraswathii"]
[Black "ama18"]
[Result "0-1"]
[WhiteElo "2271"]
[BlackElo "2266"]
[TimeControl "180+2"]
[EndTime "13:39:51 PDT"]
[Termination "ama18 won by resignation"]

1. e4 e6 2. d3 d5 3. Nd2 Nf6 4. Ngf3 b6 5. g3 Bb7 6. e5 Nfd7 7. Bg2 c5 8. O-O Nc6 9. Qe2 Qc7 10. Re1 h6 11. Nf1 g5 12. h3 Bg7 13. N3h2 Bxe5 14. Ng4 O-O-O 15. Nxe5 Qxe5 16. Qd1 Qd6 17. Ne3 Nce5 18.
d4 cxd4 19. Qxd4 Nc6 20. Qd1 Nde5 21. Bd2 d4 22. Ng4 Nxg4 23. Qxg4 Ne5 24. Bxb7+ Kxb7 25. Qe4+ Nc6 26. c3 d3 27. Qf3 Rd7 28. Qf6 Rhd8 29. Qxh6 Ne5 30. Qf6 Nc4 31. Bxg5 Nxb2 32. Rab1 d2 33.
Qf3+ Qd5 34. Qxd5+ Rxd5 35. Bxd8 dxe1=Q+ 36. Rxe1 Rxd8 37. Kg2 Nd3 38. Re3 Nc5 39. h4 Rd2 40. h5 f5 41. Re1 Ne4 42. h6 Rxf2+ 43. Kg1 Rd2 44. h7 Rd8 45. Re2 Rh8 46. Rh2 Kc7 47. Rh6 Kd7 48.
Kg2 Ke7 49. Kf3 Nf6 0-1

[Event "*** Titled Tuesday Blitz"]
[Site "Chess.com"]
[Date "2018.06.05"]
[Round "3"]
[White "penguingm1"]
[Black "Jungle_Jaguar"]
[Result "1-0"]
[WhiteElo "2685"]
[BlackElo "2455"]
[TimeControl "180+2"]
[EndTime "13:39:54 PDT"]
[Termination "penguingm1 won by resignation"]

1. d4 Nf6 2. c4 e6 3. Nc3 d5 4. cxd5 exd5 5. Bg5 c6 6. e3 Be7 7. Bd3 O-O 8. Qc2 Nbd7 9. Nge2 Re8 10. O-O Nf8 11.
f3 Ne6 12. Bh4 g6 13. Rad1 Ng7 14. e4 dxe4 15. fxe4 Nfh5 16. Bxe7 Qxe7 17. Rf2 Ne6 18. Rdf1 Rf8 19. e5 c5 20. Nd5 Qd8 21. Bc4 Nxd4 22. Nxd4 cxd4 23. Qd2 b5 24. Qh6 Kh8 25. Rxf7 Rxf7 26.
Rxf7 Qg8 27. Ne7 1-0

[Event "*** Titled Tuesday Blitz"]
[Site "Chess.com"]
[Date "2018.06.05"]
[Round "3"]
[White "gkchesstiger"]
[Black "BilodeauA"]
[Result "1-0"]
[WhiteElo "2802"]
[BlackElo "2702"]
[TimeControl "180+2"]
[EndTime "13:39:55 PDT"]
[Termination "gkchesstiger won by resignation"]

1. d4 d5 2. Nf3 Nf6 3. Bf4 e6 4. Nbd2 Be7 5. e3 O-O 6. Bd3 c5 7. c3 Nc6 8. h4 a6 9. g4 b5 10. g5 Nh5 11. Bh2 g6 12. Ne5 Nxe5 13. Bxe5 f6 14. gxf6 Bxf6 15. Nf3 b4 16. Qc2 Bxe5 17.
Nxe5 Qf6 18. Rg1 Ng7 19. h5 c4 20. Bxg6 hxg6 21. h6 Qf5 22. Qe2 Nh5 23. Nxg6 Kf7 24. Nh4 Nf4 25. exf4 Qe4 26. Qxe4 dxe4 27. Ng6 Rd8 28.
h7 Bb7 29. Ke2 Kf6 30. Rg5 Bd5 31. Rh1 bxc3 32. bxc3 Rab8 33. Rh6 Kg7 34. Nf8+ 1-0

[Event "*** Titled Tuesday Blitz"]
[Site "Chess.com"]
[Date "2018.06.05"]
[Round "3"]
[White "SergeiAza"]
[Black "ENEASZ"]
[Result "1-0"]
[WhiteElo "2633"]
[BlackElo "2509"]
[TimeControl "180+2"]
[EndTime "13:39:58 PDT"]
[Termination "SergeiAza won by resignation"]

1. e4 d6 2. d4 Nf6 3. Nc3 e5 4. Nf3 Nbd7 5. Bc4 Be7 6. O-O O-O 7. Re1 a6 8. a4 b6 9. h3 Bb7 10. Ba2 c6 11. dxe5 dxe5 12. Nh4 g6 13. Qf3 b5 14. Bh6 Re8 15. Rad1 Qc7 16. Bg5 c5 17. Rxd7 Qxd7 18. Bxf6 Bxf6 19. Qxf6 c4 20. Re3 Bc6 21. Rg3 Qe6 22.
Qg5 Kh8 23. Qh6 Rad8 24. Rg4 Qe7 25. Rxg6 Rg8 26. Rxc6 b4 27. Nf5 Qg5 28. Qxg5 Rxg5 29.
Nd5 1-0

[Event "*** Titled Tuesday Blitz"]
[Site "Chess.com"]
[Date "2018.06.05"]
[Round "3"]
[White "BasilSmash"]
[Black "ChessWarrior7197"]
[Result "0-1"]
[WhiteElo "2401"]
[BlackElo "2680"]
[TimeControl "180+2"]
[EndTime "13:39:58 PDT"]
[Termination "ChessWarrior7197 won by resignation"]

1. d4 Nf6 2. Nf3 e6 3. Bf4 d6 4.
Nc3 a6 5. a4 b6 6. e4 Bb7 7. Bd3 g6 8. O-O Bg7 9. Re1 O-O 10. h3 Nc6 11. Ne2 Nb4 12. Ng3 Nd7 13. Bf1 e5 14. Bg5 Qe8 15. a5 bxa5 16. d5 f5 17. c4 f4 18. Ne2 h6 19. Bh4 g5 20. Bxg5 hxg5 21. Nxg5 Nc5 22. Nc3 Qg6 23. Nf3 Bc8 24. Kh1 Bd7 25. Rxa5 Bf6 26. Qd2 Rab8 27.
Rea1 Qh5 28. Nh2 Qg6 29. f3 Bh4 30. Na2 Nb3 31. Qxb4 Rxb4 32. Nxb4 Nxa5 33. Rxa5 Rb8 34. Nd3 Bg3 35. b4 Bxh2 36. Kxh2 Qg3+ 37. Kh1 Bxh3 38.
gxh3 Qxf3+ 39. Kg1 Kf7 40. Nf2 Rg8+ 41. Ng4 Qg3+ 42. Kh1 Rxg4 43. hxg4 f3 44. Ra2 f2 0-1

[Event "*** Titled Tuesday Blitz"]
[Site "Chess.com"]
[Date "2018.06.05"]
[Round "3"]
[White "Anahita_Gholami"]
[Black "Infernal_XaM"]
[Result "0-1"]
[WhiteElo "2513"]
[BlackElo "2737"]
[TimeControl "180+2"]
[EndTime "13:39:59 PDT"]
[Termination "Infernal_XaM won by resignation"]

1. d4 Nf6 2. c4 g6 3. Nc3 Bg7 4. g3 d5 5. cxd5 Nxd5 6. Bg2 Nxc3 7. bxc3 O-O 8. Nf3 c5 9. O-O Nc6 10. e3 Be6 11. Ba3 Qa5 12. Bxc5 b6 13. Ng5 Bd7 14. d5 Qxc5 15. Ne4 Qc4 16. Nd2 Qc5 17. Nb3 Qc4 18. Nd2 Qa6 19. dxc6 Be8 20. Qb3 Rc8 21. Rad1 Bxc6 22.
Bxc6 Rxc6 23. Nb1 Rc7 24. Rd2 Rfc8 25. Rfd1 Bf6 26. Rd7 Qe2 27. R7d2 Qf3 28. Rd8+ Rxd8 29. Rxd8+ Kg7 30. c4 h5 31. h4 Qg4 32. Kh2 Qxc4 33.
Nd2 Qe2 34. Ne4 Qf3 35. Qd3 Rc1 0-1